 Dungeon Crawl Stone Soup version 0.26.0-91-g99b343417d (webtiles) character file.

Game seed: 9092891878926175875

185577 pkoi the Wrestler (level 17, -1/152 HPs)
             Began as a Minotaur Monk on Jan 28, 2021.
             Was the Champion of Okawaru.
             Shot with a sling bullet by a satyr (5 damage)
             ... on level 2 of the Shoals on Feb 3, 2021.
             The game lasted 00:56:46 (44059 turns).

pkoi the Wrestler (Minotaur Monk)                  Turns: 44059, Time: 00:56:46

Health: -1/152     AC: 24    Str: 21    XL:     17   Next: 81%
Magic:  0/22       EV: 10    Int: 13    God:    Okawaru [******]
Gold:   2404       SH: 15    Dex: 17    Spells: 16/16 levels left

rFire    + + .     SeeInvis +     - Unarmed
rCold    + . .     Faith    .   o - +1 kite shield {AC+3}
rNeg     . . .     Spirit   +   l - +0 chain mail "Agaejip" {rF+ rC+ Dex+2} (curse)
rPois    +         Reflect  .   e - +1 hat
rElec    +         Harm     .   m - +0 cloak "Pouc" {rElec rPois rF+ Int+3}
rCorr    .         Rampage  .   g - +1 pair of gloves
Will     +....                  w - +1 pair of boots {run}
Stlth    ..........             R - amulet of guardian spirit
HPRegen  0.35/turn              q - ring of the Unkillable {+Fly rPois Int+3 Slay+3}
MPRegen  0.18/turn              N - ring of see invisible

@: afraid, slowed, glowing, very slow
A: retaliatory headbutt, horns 2
a: Renounce Religion, Evoke Flight, Heroism, Finesse


You were on level 2 of the Shoals.
You worshipped Okawaru.
Okawaru was exalted by your worship.
You visited 6 branches of the dungeon, and saw 29 of its levels.
You also visited: Sewer.

You collected 2404 gold pieces.

Inventory:

Hand Weapons
 b - the +6 hunting sling of Mourning {freeze, Dex+3}
   (Okawaru gifted it to you on level 10 of the Dungeon)

   It causes projectiles fired from it to freeze those they strike, causing
   extra injury to most foes and up to half again as much damage against
   particularly susceptible opponents.
   They can also slow down cold-blooded creatures.
   It affects your dexterity (+3).
Missiles
 d - 20 javelins
 f - 38 poisoned darts
 v - 19 boomerangs (quivered)
 B - 16 curare-tipped darts
 T - 243 sling bullets
Armour
 e - a +1 hat (worn)
 g - a +1 pair of gloves (worn)
 l - the cursed +0 chain mail "Agaejip" (worn) {rF+ rC+ Dex+2}
   (You found it on level 15 of the Dungeon)

   It affects your dexterity (+2).
   It protects you from fire.
   It protects you from cold.
   It has a curse placed upon it.
 m - the +0 cloak "Pouc" (worn) {rElec rPois rF+ Int+3}
   (You found it on level 13 of the Dungeon)

   It affects your intelligence (+3).
   It protects you from fire.
   It insulates you from electricity.
   It protects you from poison.
 o - a +1 kite shield of protection (worn)
 w - a +1 pair of boots of running (worn)
Jewellery
 q - the ring of the Unkillable (left hand) {+Fly rPois Int+3 Slay+3}
   (You found it on level 2 of the Snake Pit)

   [ring of poison resistance]

   It affects your intelligence (+3).
   It affects your accuracy and damage with ranged weapons and melee attacks
   (+3).
   It protects you from poison.
   It lets you fly.
 N - a ring of see invisible (right hand)
 R - an amulet of guardian spirit (around neck)
 U - an uncursed ring of protection from cold
 Z - an uncursed ring of positive energy
Wands
 s - a wand of paralysis (14)
 A - a wand of iceblast (53)
 D - a wand of digging (4)
 H - a wand of disintegration (15)
 L - a wand of acid (10)
 M - a wand of enslavement (22)
 P - a wand of polymorph (25)
Scrolls
 a - 6 scrolls of fear
 i - 5 scrolls of amnesia
 j - 15 scrolls of remove curse
 n - 16 scrolls of identify
 r - a scroll of silence {unknown}
 x - 5 scrolls of magic mapping
 C - a scroll of enchant armour
 E - 4 scrolls of enchant weapon
 I - 6 scrolls of blinking
 J - 3 scrolls of fog
 S - 11 scrolls of teleportation
 W - 2 scrolls of holy word
Potions
 c - 19 potions of curing
 h - a potion of berserk rage
 k - 4 potions of haste
 p - 2 potions of invisibility
 t - 5 potions of heal wounds
 u - a potion of magic
 z - a potion of brilliance
 G - 7 potions of might
 Q - a potion of resistance
 V - 5 potions of flight
 X - 12 potions of ambrosia
 Y - a potion of cancellation
Miscellaneous
 y - a condenser vane


   Skills:
 - Level 14.0 Fighting
 + Level 9.5(10.0) Slings
 - Level 4.5(7.2) Throwing
 - Level 15.8 Armour
 - Level 3.2 Dodging
 - Level 1.5 Stealth
 - Level 15.0 Shields
 + Level 21.4 Unarmed Combat
 - Level 8.0 Invocations


You had 16 spell levels left.
You didn't know any spells.
Your spell library contained the following spells:

 Spells                   Type           Power        Failure   Level
 Animate Skeleton         Necr           0%           83%         1
 Apportation              Tloc           0%           83%         1
 Corona                   Hex            0%           83%         1
 Foxfire                  Conj/Fire      0%           83%         1
 Magic Dart               Conj           0%           83%         1
 Pain                     Necr           0%           83%         1
 Sting                    Tmut/Pois      0%           83%         1
 Summon Small Mammal      Summ           0%           83%         1
 Call Imp                 Summ           0%           92%         2
 Ensorcelled Hibernation  Hex/Ice        0%           92%         2
 Passwall                 Tmut/Erth      0%           92%         2
 Searing Ray              Conj           0%           92%         2
 Confusing Touch          Hex            0%           99%         3
 Conjure Flame            Conj/Fire      0%           99%         3
 Dazzling Flash           Conj/Hex       0%           99%         3
 Inner Flame              Hex/Fire       0%           99%         3
 Static Discharge         Conj/Air       0%           99%         3
 Tukima's Dance           Hex            0%           99%         3
 Vampiric Draining        Necr           0%           99%         3
 Animate Dead             Necr           0%           100%        4
 Fulminant Prism          Conj/Hex       0%           100%        4
 Iskenderun's Mystic Bla  Conj/Tloc      0%           100%        4
 Sticky Flame             Conj/Fire      0%           100%        4
 Agony                    Necr           0%           100%        5
 Borgnjor's Vile Clutch   Necr/Erth      0%           100%        5
 Fireball                 Conj/Fire      0%           100%        5
 Lightning Bolt           Conj/Air       0%           100%        5
 Death Channel            Necr           0%           100%        6
 Shadow Creatures         Summ           N/A          100%        6
 Simulacrum               Ice/Necr       0%           100%        6
 Malign Gateway           Summ/Tloc      0%           100%        7
 Ignition                 Fire           0%           100%        8
 Shatter                  Erth           0%           100%        9
 Tornado                  Air            0%           100%        9


Dungeon Overview and Level Annotations

Branches:
Dungeon (15/15)            Temple (1/1) D:5            Lair (6/6) D:10
 Shoals (2/4) Lair:2        Snake (3/4) Lair:2        Slime (0/5) Lair:6
    Orc (0/2) D:11         Vaults (0/5) D:14         Depths (2/5) D:15
  Sewer (visited)

Altars:
Ashenzari
Cheibriados
Dithmenos
Elyvilon
Fedhas
Gozag
Hepliaklqana
Kikubaaqudgha
Makhleb
Nemelex Xobeh
Okawaru
Qazlal
Ru
Sif Muna
Trog
Uskayaw
Vehumet
Wu Jian
Xom
Yredelemnul
Zin
The Shining One
Jiyva

Shops:
D:11 (

Portals:
Hell: Depths:1
Abyss: Depths:1
Pandemonium: Depths:1
Ziggurat: Depths:1

Annotations:
Lair:6 1 runed translucent door


Innate Abilities, Weirdness & Mutations

You reflexively headbutt those who attack you in melee.
You have a pair of horns on your head.


Message History

The satyr shoots a sling bullet.
The sling bullet hits you!!
* * * LOW HITPOINT WARNING * * *
x2 You pummel the faun!!
You kill the faun!
Okawaru accepts your kill.
You hear a splash. x3; Splash!
You fall into the shallow water.
Moving in this stuff is going to be slow.
You hit the wind drake.
The wind drake is lightly wounded.
You feel less confused.
The satyr shoots a sling bullet.
You block the sling bullet.
You hear a splash.
You block the wind drake's attack.
You feel much better.
The wind drake exhales a fierce blast of wind!
You are blown backwards!
The satyr is blown away by the wind.
The satyr shoots a sling bullet.
The sling bullet hits you!!
* * * LOW HITPOINT WARNING * * *
You die...

..≈≈≈≈≈≈≈≈≈≈≈≈≈..###.≈P..≈≈≈≈≈≈≈≈
..≈≈≈≈≈≈.≈≈≈≈≈P..##.....≈≈≈≈≈≈≈≈.
.≈≈≈≈≈≈≈≈≈≈(≈≈≈P.......≈.≈≈≈≈≈≈≈≈
..≈≈≈≈≈≈(≈≈≈..≈(......≈≈.≈≈≈≈≈≈≈≈
...≈≈.≈≈.≈≈:..≈(.....≈≈≈ ≈≈≈≈≈≈≈≈
...≈≈.≈≈≈≈≈≈≈≈...###.≈≈≈ ≈≈≈≈≈≈≈≈
..≈≈≈≈≈≈≈≈≈≈≈....##..≈≈≈ ≈≈≈≈≈≈≈≈
..≈≈≈≈.≈..###.P)......P≈ ≈..≈≈≈≈≈
.≈≈≈≈≈≈.≈.##....@..≈...≈ ≈###.≈≈≈
.≈≈≈≈...(....≈≈k..P..P.≈ ≈≈≈
#.≈≈≈...≈≈≈≈≈≈)$≈.c..... ≈≈
##.≈≈≈≈≈≈≈≈≈≈≈≈≈≈≈≈.≈..≈ ≈
..|≈≈≈≈≈≈≈≈≈≈≈≈≈≈≈≈≈≈≈≈≈
..≈≈≈≈≈≈≈≈≈≈≈≈≈≈≈≈≈≈≈≈≈≈
≈≈≈≈≈≈≈≈≈≈≈≈≈≈≈≈≈≈≈≈≈≈≈≈
≈≈≈≈≈≈≈≈≈≈≈≈≈≈≈≈≈≈≈≈≈≈≈≈
≈≈≈≈≈≈≈≈≈≈≈≈≈≈≈≈≈≈≈≈≈≈≈


You could see a satyr (scary) and a wind drake (repels missiles, catching
breath).

Vanquished Creatures
  2 nagarajas (Snake:3)
  Ilsuiw (Shoals:2)
  A fire giant (Depths:1)
  A frost giant (Depths:2)
  2 stone giants (Depths:2)
  9 very ugly things
  A vampire knight (Depths:1)
  2 merfolk javelineers
  3 merfolk impalers
  An ettin (Depths:1)
  8 slime creatures
  An ogre mage (Depths:1)
  Josephine (Shoals:1)
  A great orb of eyes (Depths:1)
  2 ice dragons (Depths:2)
  2 fire dragons
  2 rakshasas (Depths:1)
  4 vault guards (D:14)
  3 boulder beetles
  A great orb of eyes (shapeshifter) (Depths:1)
  A spriggan air mage (Depths:2)
  Fannar (D:12)
  9 hydras
  2 centaur warriors
  4 naga warriors
  A catoblepas (Lair:6)
  A merfolk avatar (Shoals:1)
  An anaconda (Snake:3)
  8 tengu warriors
  11 two-headed ogres
  2 satyrs (Shoals:2)
  A deep troll earth mage (D:13)
  A merfolk aquamancer (Shoals:1)
  A spriggan berserker (Depths:2)
  7 naga sharpshooters
  3 shock serpents
  Nergalle (D:10)
  A salamander mystic (Snake:3)
  3 unseen horrors
  A flayed ghost (D:9)
  8 sea snakes
  3 naga ritualists
  A glowing orange brain (Depths:2)
  Pikel (D:9)
  12 harpies
  An unseen horror (shapeshifter) (D:14)
  2 orc knights
  2 mana vipers
  A wolf spider (D:9)
  3 deep elf magi
  2 oklob plants (D:14)
  16 fauns
  23 ugly things
  3 cyclopes
  15 manticores
  5 salamanders
  9 elephants
  10 merfolk sirens
  A guardian serpent (Snake:1)
  7 naga magi
  21 black mambas
  A torpor snail (Lair:6)
  3 water nymphs (Shoals:1)
  3 centaur zombies (D:14)
  2 gargoyles
  14 cane toads
  A centaur skeleton (D:12)
  A kobold demonologist (D:15)
  4 efreet
  6 yaktaurs (Depths:1)
  A komodo dragon (shapeshifter) (D:15)
  A rime drake (Lair:2)
  3 komodo dragons
  3 tengu conjurers
  11 polar bears
  A queen bee (D:13)
  15 merfolk
  6 meliai (D:13)
  7 wind drakes
  6 trolls
  2 raiju (Lair:6)
  42 blink frogs
  Prince Ribbit (D:7)
  A snapping turtle (Shoals:2)
  5 water elementals
  5 wraiths
  9 wyverns
  52 yaks
  2 vampires
  A human (shapeshifter) (Depths:2)
  7 basilisks
  3 vampire mosquitoes (D:15)
  17 nagas
  6 wargs
  An acid dragon (D:11)
  14 water moccasins
  15 hell hounds (Lair:6)
  11 orc warriors
  Purgy (Sewer)
  3 ice beasts
  8 sky beasts
  2 necrophages
  2 eyes of draining
  4 phantoms
  17 black bears
  2 boggarts (Depths:2)
  11 ogres
  63 wolves
  17 centaurs
  A big kobold (D:9)
  16 bullfrogs
  2 wyvern skeletons
  4 scorpions
  27 killer bees
  25 wights
  4 howler monkeys
  A bullfrog zombie (D:12)
  A quasit (D:12)
  3 hounds
  5 jellies
  2 bullfrog skeletons
  Crazy Yiuf (D:6)
  6 orc priests
  A gnoll shaman (D:4)
  3 iguanas
  10 orc wizards
  5 worker ants
  A killer bee zombie (D:8)
  3 hound zombies
  A worker ant zombie (D:6)
  4 gnolls (D:4)
  12 adders
  A shadow imp (D:6)
  2 white imps
  2 ufetubi
  An ooze (D:6)
  3 adder zombies
  2 adder skeletons
  2 worms
  7 dart slugs
  4 leopard geckos
  54 orcs
  5 ball pythons
  10 giant cockroaches
  10 goblins
  11 hobgoblins
  5 jackals
  2 quokkas
  16 bats
  7 frilled lizards
  16 kobolds
  2 quokka skeletons
  A quokka zombie (D:5)
  9 rats
977 creatures vanquished.

Vanquished Creatures (others)
  A centaur skeleton (D:15)
  A bullfrog (D:15)
  27 fungi
  65 plants
94 creatures vanquished.

Grand Total: 1071 creatures vanquished

Notes
Turn   | Place    | Note
-------+----------+-------------------------------------------
     0 | D:1      | pkoi the Minotaur Monk began the quest for the Orb.
     0 | D:1      | Reached XP level 1. HP: 19/19 MP: 0/0
   131 | D:1      | Reached XP level 2. HP: 22/26 MP: 1/1
   135 | D:1      | Reached skill level 4 in Unarmed Combat
   687 | D:1      | Reached XP level 3. HP: 31/31 MP: 2/2
  1230 | D:2      | Reached skill level 1 in Armour
  1827 | D:3      | Reached skill level 5 in Unarmed Combat
  1916 | D:3      | Reached XP level 4. HP: 26/39 MP: 3/3
  2154 | D:3      | Found a basalt altar of Yredelemnul.
  2519 | D:3      | Reached XP level 5. HP: 44/45 MP: 4/4
  2530 | D:3      | Reached skill level 6 in Unarmed Combat
  2714 | D:4      | Reached XP level 6. HP: 51/51 MP: 5/5
  2715 | D:4      | Found an opulent altar of Gozag.
  3052 | D:4      | Reached skill level 7 in Unarmed Combat
  3160 | D:4      | Reached XP level 7. HP: 57/57 MP: 6/6
  3522 | D:4      | Found an iron altar of Okawaru.
  3662 | D:5      | Entered Level 5 of the Dungeon
  3680 | D:5      | Reached skill level 5 in Armour
  3680 | D:5      | Reached skill level 8 in Unarmed Combat
  3793 | D:5      | Found a staircase to the Ecumenical Temple.
  3803 | Temple   | Entered the Ecumenical Temple
  3977 | Temple   | Became a worshipper of Warmaster Okawaru
  3977 | Temple   | Reached * piety under Okawaru
  3977 | Temple   | Reached ** piety under Okawaru
  4196 | D:5      | Found a glowing drain.
  4217 | Sewer    | Entered a sewer
  4303 | Sewer    | Noticed Purgy
  4320 | Sewer    | Killed Purgy
  4321 | Sewer    | Reached skill level 9 in Unarmed Combat
  4504 | D:5      | Reached XP level 8. HP: 60/64 MP: 7/7
  4544 | D:5      | You fall into a shaft and drop 1 floor!
  4811 | D:6      | Reached skill level 1 in Shields
  5199 | D:6      | Found a runed translucent door.
  5200 | D:6      | Noticed Crazy Yiuf
  5545 | D:6      | Reached skill level 10 in Unarmed Combat
  5701 | D:6      | Reached *** piety under Okawaru
  5888 | D:6      | Killed Crazy Yiuf
  6006 | D:7      | Found a radiant altar of Vehumet.
  6484 | D:7      | Reached skill level 11 in Unarmed Combat
  6484 | D:7      | Reached XP level 9. HP: 70/70 MP: 8/8
  6638 | D:7      | Found a stormy altar of Qazlal.
  6640 | D:7      | Found a hide-covered altar of Uskayaw.
  7002 | D:7      | Reached skill level 5 in Shields
  7378 | D:7      | Noticed Prince Ribbit
  7385 | D:7      | Killed Prince Ribbit
  7385 | D:7      | Reached **** piety under Okawaru
  7518 | D:8      | Reached skill level 12 in Unarmed Combat
  7915 | D:8      | Reached skill level 1 in Invocations
  8056 | D:8      | Reached skill level 1 in Throwing
  8161 | D:8      | Reached XP level 10. HP: 72/78 MP: 9/9
  8219 | D:9      | Noticed a two-headed ogre
  8232 | D:9      | Killed a two-headed ogre
  8232 | D:9      | Reached ***** piety under Okawaru
  8375 | D:9      | Noticed Pikel
  8389 | D:9      | Killed Pikel
  8390 | D:9      | Reached skill level 13 in Unarmed Combat
  8571 | D:9      | Reached skill level 5 in Fighting
  8760 | D:9      | Noticed an orc knight
  9148 | D:9      | Killed an orc knight
  9294 | D:9      | Found a shimmering blue altar of Sif Muna.
  9326 | D:9      | Noticed a wolf spider
  9328 | D:9      | Noticed a flayed ghost
  9335 | D:9      | Killed a wolf spider
  9349 | D:9      | Killed a flayed ghost
  9710 | D:9      | Identified Futucve's Collected Works on Supportive Changing
  9841 | D:9      | Identified the +3 leather armour of Asyapa {Str+3}
 10119 | D:10     | Entered Level 10 of the Dungeon
 10198 | D:10     | Reached XP level 11. HP: 89/89 MP: 12/12
 10217 | D:10     | Found a staircase to the Lair.
 10279 | D:10     | Reached ****** piety under Okawaru
 10608 | D:10     | Received a gift from Okawaru
 11169 | D:10     | Noticed a two-headed ogre
 11175 | D:10     | Killed a two-headed ogre
 11197 | D:10     | Noticed Nergalle
 11217 | D:10     | Noticed a spectral orc warlord
 11217 | D:10     | Noticed a spectral orc warlord
 11465 | D:10     | Killed Nergalle
 11466 | D:10     | Reached skill level 14 in Unarmed Combat
 11513 | D:10     | Noticed a two-headed ogre
 11520 | D:10     | Killed a two-headed ogre
 11520 | D:10     | Received a gift from Okawaru
 11530 | D:10     | Got an iridescent hunting sling {god gift}
 11531 | D:10     | Identified the +6 hunting sling of Mourning {freeze, Dex+3}
                  | (Okawaru gifted it to you on level 10 of the Dungeon)
 12129 | D:11     | Found Tusta's Weapon Emporium.
 12131 | D:11     | Found a staircase to the Orcish Mines.
 12204 | D:11     | Reached skill level 1 in Slings
 12609 | D:11     | Noticed a two-headed ogre
 12612 | D:11     | Killed a two-headed ogre
 12920 | Lair:1   | Entered Level 1 of the Lair of Beasts
 12920 | Lair:1   | Noticed a four-headed hydra
 12941 | Lair:1   | Killed a four-headed hydra
 12942 | Lair:1   | Reached skill level 5 in Invocations
 13271 | Lair:1   | Reached XP level 12. HP: 100/100 MP: 14/14
 14177 | Lair:2   | Received a gift from Okawaru
 14289 | Lair:2   | Noticed a four-headed hydra
 14301 | Lair:2   | Killed a four-headed hydra
 14351 | Lair:2   | Found a staircase to the Shoals.
 14373 | Lair:2   | Reached skill level 15 in Unarmed Combat
 14443 | Lair:2   | Reached skill level 10 in Shields
 14931 | Lair:2   | Found the +10 Black Knight's barding {ponderous, rPois rN+}
 15245 | Lair:2   | Reached skill level 10 in Armour
 15371 | Lair:2   | Found a staircase to the Snake Pit.
 16135 | Lair:3   | Noticed a boulder beetle
 16150 | Lair:3   | Killed a boulder beetle
 16573 | Lair:3   | Reached XP level 13. HP: 104/111 MP: 17/17
 16709 | Lair:3   | Received a gift from Okawaru
 18003 | Lair:4   | Reached skill level 16 in Unarmed Combat
 19364 | Lair:5   | Received a gift from Okawaru
 19477 | Lair:5   | Reached skill level 10 in Fighting
 19814 | Lair:5   | Received a gift from Okawaru
 20739 | Lair:6   | Entered Level 6 of the Lair of Beasts
 21105 | Lair:6   | Reached XP level 14. HP: 76/122 MP: 15/19
 21889 | Lair:6   | Reached skill level 17 in Unarmed Combat
 22202 | Lair:6   | Received a gift from Okawaru
 22418 | Lair:6   | Found a runed translucent door.
 22418 | Lair:6   | Found a viscous altar of Jiyva.
 22419 | Lair:6   | Noticed an azure jelly
 22419 | Lair:6   | Noticed an azure jelly
 22421 | Lair:6   | Found a staircase to the Slime Pits.
 22421 | Lair:6   | Noticed an azure jelly
 22422 | Lair:6   | Noticed an azure jelly
 22731 | Lair:6   | Got a smoking chain mail
 22732 | Lair:6   | Identified the +1 chain mail of Sandy Knowledge {Harm Dex+3
                  | Stlth-} (You found it on level 6 of the Lair of Beasts)
 23645 | D:12     | Noticed Fannar
 23672 | D:12     | Killed Fannar
 24029 | D:12     | Received a gift from Okawaru
 24363 | D:13     | Got a heavily runed cloak
 24364 | D:13     | Identified the +0 cloak "Pouc" {rElec rPois rF+ Int+3} (You
                  | found it on level 13 of the Dungeon)
 25476 | D:13     | Reached skill level 18 in Unarmed Combat
 25685 | D:13     | Received a gift from Okawaru
 25833 | D:13     | Received a gift from Okawaru
 26488 | D:13     | Reached XP level 15. HP: 43/130 MP: 6/20
 27531 | D:14     | Found a gate to the Vaults.
 27749 | D:14     | Received a gift from Okawaru
 28092 | D:14     | Found a blossoming altar of Fedhas.
 28361 | D:15     | Entered Level 15 of the Dungeon
 28381 | D:15     | Received a gift from Okawaru
 28505 | D:15     | Got an ichor-stained chain mail
 28506 | D:15     | Identified the cursed +0 chain mail "Agaejip" {rF+ rC+
                  | Dex+2} (You found it on level 15 of the Dungeon)
 28680 | D:15     | Found a staircase to the Depths.
 29033 | D:14     | Reached skill level 19 in Unarmed Combat
 30399 | Depths:1 | Entered Level 1 of the Depths
 30535 | Depths:1 | Found a one-way gate leading to the halls of Pandemonium.
 31530 | Depths:1 | Found a one-way gate to the infinite horrors of the Abyss.
 32044 | Depths:1 | Received a gift from Okawaru
 32052 | Depths:1 | Reached XP level 16. HP: 139/139 MP: 21/21
 32069 | Depths:1 | Paralysed by a great orb of eyes for 5 turns
 32344 | Depths:1 | Found a gateway to Hell.
 32346 | Depths:1 | Found a gateway to a ziggurat.
 32776 | Depths:1 | Upgraded the game from 0.26.0-45-g9c1d065592 to
                  | 0.26.0-91-g99b343417d
 32997 | Depths:2 | Noticed a lich
 33030 | Depths:1 | Reached skill level 20 in Unarmed Combat
 33454 | Depths:2 | Received a gift from Okawaru
 34427 | Depths:2 | Paralysed by a floating eye for 3 turns
 34446 | Depths:1 | Reached skill level 15 in Shields
 35161 | Snake:1  | Entered Level 1 of the Snake Pit
 35973 | Snake:1  | Received a gift from Okawaru
 36198 | Snake:1  | Reached skill level 15 in Armour
 36720 | Snake:2  | Got a brightly glowing bone ring
 36721 | Snake:2  | Identified the ring of the Unkillable {+Fly rPois Int+3
                  | Slay+3} (You found it on level 2 of the Snake Pit)
 37283 | Snake:2  | Identified a +1 pair of boots of running (You found it on
                  | level 2 of the Snake Pit)
 37630 | Snake:3  | Reached skill level 5 in Slings
 37912 | Snake:3  | Received a gift from Okawaru
 38187 | Snake:3  | Reached XP level 17. HP: 125/150 MP: 18/22
 38671 | Snake:3  | Received a gift from Okawaru
 39217 | Shoals:1 | Entered Level 1 of the Shoals
 40894 | Shoals:1 | Noticed Josephine
 40904 | Shoals:1 | Killed Josephine
 41796 | Shoals:2 | Reached skill level 21 in Unarmed Combat
 42194 | Shoals:2 | Noticed Ilsuiw
 42364 | Shoals:2 | Killed Ilsuiw
 42704 | Shoals:2 | Received a gift from Okawaru
 43920 | Shoals:2 | Received a gift from Okawaru
 44056 | Shoals:2 | HP: 7/152 [satyr/sling bullet (21)]
 44056 | Shoals:2 | HP: 3/152 [satyr/sling bullet (4)]
 44059 | Shoals:2 | Shot with a sling bullet by a satyr

Illustrated notes

Levels and vault maps discovered:
D:1:      evilmike_arrival_crescent, layout_basic, serial_bayou_pond_a,
          minmay_misc_feat_pillars, minivault_23
D:2:      layout_loops_cross, minmay_close_crescents
D:3:      layout_loops_cross, nicolae_overflow_crystal_walls
D:4:      layout_cave_pools, lemuel_crystal_altar, okawaru_altar_gauntlet_db
D:5:      layout_basic, minmay_temple_entry_grid, gup_sewer_entry_glass,
          minivault_11, nicolae_qazlal_eye_of_the_storm
D:6:      layout_gridville, patterned_corridor, uniq_crazy_yiuf_cottage
D:7:      cheibrodos_fzero, layout_cave_pods, grunt_temple_overflow_open,
          lemuel_crystal_altar, roderic_batcave, uniq_prince_ribbit1
D:8:      layout_basic
D:9:      minmay_the_grid_plus [minmay_the_grid_armoury, minmay_the_grid_garden,
          minmay_the_grid_slots, minmay_the_grid_outer_diamond,
          minmay_the_grid_prize_diamond_cup], layout_loops_cross,
          nicolae_overflow_hidden_temple, kennysheep_generic_room_11, uniq_pikel
D:10:     layout_basic, david_lair_generic, uniq_nergalle
D:11:     layout_irregular_city, orc_david_3, minmay_door_square,
          hangedman_decor_peaks_small
D:12:     layout_rooms, ldierk_geyser, amcnicky_mini_rare_corridor_liquid,
          uniq_fannar
D:13:     layout_roguey [special_room_bee], minmay_three_doors
D:14:     layout_roguey, lightli_vaults_fourway_checkpoint, hex_medium,
          minmay_misc_feat_diagonals, skrybe_limestone_x, hangedman_tree_tricks
D:15:     hangedman_depths_entry_try_elsewhere_first, layout_irregular_city,
          grunt_decor_mini_mirrors
Temple:   eino_temple_scatter_basement
Lair:1:   layout_roguey, grunt_megastairs_1
Lair:2:   layout_regular_city, minmay_shoals_entry_beasts,
          guppyfry_snake_entry_garden, beast_lair_carwin_10, lemuel_fruit_tree
Lair:3:   layout_long_grid, special_room, minivault_25,
          chequers_serial_rivers_small_3, minmay_holes
Lair:4:   layout_concentric_octagons, eino_small_chamber_without_monster,
          grunt_forest_large_clearings, grunt_megastairs_4
Lair:5:   layout_gridlike, grunt_forest_small_clearing_treed,
          infiniplex_staircase_pool_2, grunt_megastairs_3, serial_bayou_shore_b
Lair:6:   hangedman_lair_caniforms_friends, layout_gridlike, slime_altar_2,
          ldierk_geyser
Shoals:1: layout_shoals, uniq_josephine
Shoals:2: layout_shoals, uniq_ilsuiw
Snake:1:  layout_misc_corridors
Snake:2:  layout_onion
Snake:3:  layout_cave_town
Depths:1: layout_basic, enter_ziggurat_b, serial_curves, eino_curves_03,
          eino_curves_04, hell_entry, hangedman_abyss_entry_splay, pan_entry,
          bh_walls_and_bars
Depths:2: cheibrodos_salmonella, layout_basic, grunt_hell_entry_dis_mu,
          hangedman_abyss_or_decor_clamps, infiniplex_staircase_x,
          serial_bayou_shore_b, uniq_sojobo

Skill      XL: |  1  2  3  4  5  6  7  8  9 10 11 12 13 14 15 16 17 |
---------------+----------------------------------------------------+-----
Unarmed Combat | 4 5 6 7 9 11 12 13 14 15 16 18 19 20 21 | 21.4
Armour         | 2 3 4 5 6 7 8 10 11 12 14 15 | 15.8
Shields        | 4 6 8 9 10 11 13 14 15 | 15.0
Invocations    | 1 3 5 6 8 |  8.0
Fighting       | 4 5 7 9 10 11 12 13 14 | 14.0
Throwing       | 1 3 4 |  4.5
Slings         | 2 3 5 9 |  9.5
Dodging        | |  3.2
Stealth        | |  1.5

Action                   |  1- 3 |  4- 6 |  7- 9 | 10-12 | 13-15 | 16-18 || total
-------------------------+-------+-------+-------+-------+-------+-------++-------
Melee: Unarmed           |    97 |   151 |   413 |   663 |  1572 |   720 ||  3616
       Headbutt          |     9 |    19 |    86 |   137 |   351 |   177 ||   779
       Punch             |       |     2 |     2 |       |       |       ||     4
 Fire: Hunting sling     |       |       |       |    69 |    30 |   627 ||   726
Throw: Boomerang         |       |       |       |     2 |     5 |       ||     7
Invok: Heroism           |       |       |     1 |     9 |    25 |     8 ||    43
       Finesse           |       |       |       |       |     2 |     1 ||     3
  Use: Scroll            |       |    10 |       |    12 |     8 |     2 ||    32
       Potion            |       |       |       |     5 |       |     3 ||     8
 Stab: Petrified         |       |       |       |       |     2 |       ||     2
Armor: Robe              |     3 |       |       |       |       |       ||     3
       Chain mail        |    49 |    72 |   232 |   261 |   754 |   344 ||  1712
Dodge: Dodged            |    36 |    44 |   145 |   185 |   635 |   216 ||  1261
Block: Buckler           |       |       |    72 |   176 |   576 |    28 ||   852
       Kite shield       |       |       |       |       |       |   484 ||   484
